 Dungeon Crawl Stone Soup version 0.24-a0-619-gb7544fd237 (webtiles) character file.

Game seed: 12783613616902170933, levelgen mode: deterministic

172 Oninnaise the Cudgeler (level 5, 0/41 HPs)
             Began as a Demonspawn Chaos Knight on Sept 17, 2019.
             Was a Plaything of Xom.
             Killed from afar by an orc wizard (10 damage)
             ... with a puff of flame
             ... on level 3 of the Dungeon.
             The game lasted 00:05:48 (2374 turns).

Oninnaise the Cudgeler (Demonspawn Chaos Knight)    Turns: 2374, Time: 00:05:49

Health: 0/41       AC: 10    Str: 13    XL:     5   Next: 27%
Magic:  5/5        EV: 11    Int: 19    God:    Xom [..*...]
Gold:   160        SH:  0    Dex: 12    Spells: 4/4 levels left

rFire    x . .     SeeInvis .   a - +0 mace (chaos)
rCold    + . .     Gourm    .   (no shield)
rNeg     . . .     Faith    .   b - +3 leather armour
rPois    .         Spirit   .   (no helmet)
rElec    .         Reflect  .   o - +1 cloak
rCorr    .         Harm     +   (no gloves)
MR       .....                  (no boots)
Stlth    +.........             i - amulet of harm
HPRegen  0.13/turn              l - ring of wizardry
MPRegen  0.09/turn              n - ring of ice

@: brilliant, slowed, very slow
A: yellow scales 1, powered by death 1
a: Renounce Religion


You were on level 3 of the Dungeon.
You worshipped Xom.
You were a toy of Xom.
You were not hungry.

You visited 1 branch of the dungeon, and saw 3 of its levels.

You collected 160 gold pieces.

Inventory:

Hand Weapons
 a - a +0 mace of chaos (weapon)
Armour
 b - a +3 leather armour (worn)
 o - a +1 cloak (worn)
Jewellery
 i - an amulet of harm (around neck)
 l - a ring of wizardry (left hand)
 n - a ring of ice (right hand)
Scrolls
 g - a scroll of amnesia {unknown}
 p - a scroll of identify
Potions
 e - 2 potions of haste {unknown}
 f - 2 potions of agility {unknown}
 h - 2 potions of curing {unknown}
 j - a potion of degeneration {unknown}
 k - a potion of flight {unknown}
Comestibles
 c - 4 rations


   Skills:
 - Level 3.3 Fighting
 * Level 5.1 Maces & Flails
 - Level 1.9 Armour
 - Level 1.2 Dodging


You had 4 spell levels left.
You didn't know any spells.
Your spell library was empty.

Dungeon Overview and Level Annotations

Branches:
Dungeon (3/15)

Altars:
Xom

Annotations:
D:3 Natasha


Innate Abilities, Weirdness & Mutations

You are partially covered in yellow scales. (AC +2)
You regenerate a little health from kills.


Message History

You barely miss the orc wizard.
The orc wizard is heavily wounded.
You hear a shout!
The orc wizard barely misses you.
Natasha casts a spell.
The orc wizard hits you but does no damage.
Natasha barely misses you.
An orc comes into view. It is wielding a -3 mace.
The orc wizard closely misses you. Natasha misses you.
You barely miss the orc wizard.
The orc wizard is heavily wounded.
The orc wizard hits you but does no damage.
Natasha mumbles some strange words.
Natasha glows brightly for a moment.
Natasha claws you.
* * * LOW HITPOINT WARNING * * *
The orc wizard casts a spell at you. The puff of flame hits you!
The fire burns you terribly!
You die...
Xom howls with laughter!

*,*#####..# ***,**
**+*#......#**** *,,,,,
*,,,#.###.##,,,* *,*,,*
*,,,#.# #.#*,,,****,*,,*
*,,,#.# #..,,,,',,,,,,,,
*,,,#.# #..#,,,******,,*
*,,,#.# #..#,,,*,**,,,,*
*,,,#.###..#,,,*,,,,,,**
**,*#5h@oS.#,,,*,,*,,,**
*,*#.###o.#,,,*,,,,,,,,
****'*#.#,,,.#,,,*,,**,,,,
*,,,,,h..,,,,#****,,******
*,,,,...#,**,* *,,*
*,,,.....,,,,* *,,**
*,,.....#,,,,*****,,,*
*,...^o.***,,,,,***,,*****
*,,,,,,,,,+,,,,,* *,,,,,,*


You could see an orc wizard, Natasha, an adder, a shadow imp and an orc.

Vanquished Creatures
  Natasha (D:3)
  A gnoll (D:1)
  6 adders
  A worm (D:3)
  4 dart slugs (D:1)
  A leopard gecko (D:1)
  2 ball pythons
  9 bats
  2 giant cockroaches
  12 goblins
  5 hobgoblins
  11 jackals
  2 quokkas (D:3)
  A frilled lizard (D:3)
  8 kobolds
  5 rats
71 creatures vanquished.

Notes
Turn   | Place    | Note
-------+----------+-------------------------------------------
     0 | D:1      | Oninnaise the Demonspawn Chaos Knight began the quest for
                  | the Orb.
     0 | D:1      | Reached XP level 1. HP: 18/18 MP: 1/1
    40 | D:1      | Reached skill level 3 in Maces & Flails
    43 | D:1      | Reached skill level 1 in Dodging
    65 | D:1      | Gained mutation: You are partially covered in yellow
                  | scales. (AC +2) [demonic ancestry]
    65 | D:1      | Reached XP level 2. HP: 22/24 MP: 2/2
    87 | D:1      | You fall into a shaft and drop 1 floor!
   112 | D:2      | Gained mutation: You regenerate a little health from kills.
                  | [demonic ancestry]
   112 | D:2      | Reached XP level 3. HP: 12/29 MP: 3/3
   627 | D:2      | XOM: harmless Hex miscast
   976 | D:1      | Reached skill level 4 in Maces & Flails
  1014 | D:1      | Reached XP level 4. HP: 30/35 MP: 4/4
  1221 | D:1      | XOM: mild Air miscast
  1351 | D:1      | XOM: scenery: create altars
  1497 | D:2      | XOM: divination: magic mapping
  1518 | D:2      | Found a faded altar of an unknown god.
  1812 | D:2      | XOM: god gift: 49 gold pieces
  2074 | D:3      | Reached XP level 5. HP: 33/41 MP: 5/5
  2159 | D:3      | XOM: harmless Erth miscast
  2327 | D:3      | Noticed Natasha
  2331 | D:3      | Killed Natasha
  2331 | D:3      | Reached skill level 5 in Maces & Flails
  2362 | D:3      | Noticed Natasha
  2374 | D:3      | Killed from afar by an orc wizard

Levels and vault maps discovered:
D:1:      lightli_arrival_noodles, layout_loops_cross, serial_glass,
          glass_columns_b, glass_columns_a, minmay_quantized
D:2:      layout_basic, chequers_ecumenical_altar_simple
D:3:      layout_basic, led_sif_pool, uniq_natasha, uniq_grinder, uniq_ijyb

Skill      XL: |  1  2  3  4  5 |
---------------+----------------+-----
Maces & Flails | 3 4 5 |  5.1
Dodging        | 1 |  1.2
Fighting       | |  3.3
Armour         | |  1.9

Action                   |  1- 3 |  4- 6 || total
-------------------------+-------+-------++-------
Melee: Mace              |   104 |   135 ||   239
  Use: Scroll            |       |     9 ||     9
       Potion            |       |     1 ||     1
 Stab: Paralysed         |       |     1 ||     1
  Eat: Ration            |       |     2 ||     2
Armor: Leather armour    |    54 |    69 ||   123
Dodge: Dodged            |    85 |   101 ||   186

Table legend:
 A = Non-vault XP
 B = Vault XP
 C = Vault XP percentage of total XP
 D = Non-vault monster count
 E = Vault monster count
 F = Vault count percentage of total count
                 A         B        C        D         E       F
            +---------+---------+-------+---------+---------+-------
      Total |     194 |      53 |  21.5 |      66 |       5 |   7.0
            +---------+---------+-------+---------+---------+-------
        D:1 |      69 |      20 |  22.5 |      34 |       4 |  10.5
        D:2 |      80 |       0 |   0.0 |      21 |       0 |   0.0
        D:3 |      45 |      33 |  42.3 |      11 |       1 |   8.3
            +---------+---------+-------+---------+---------+-------
